AoeStats
← 玩印度的哥们硬不起来

Fortress

510484039Analyzed
1v1 RM · 17h ago on Oct 1, 2026· 36m 6s· 2 players
Game mode
Random Map
Map size
Small (3 player)
Population
200
Speed
Normal
Resources
Standard
Victory
Conquest
Starting age
Dark Age
Ending age
Imperial Age
RankedLock teamsTeams togetherTeam positionsShared explorationLock speedFull tech treeHidden civsTurbo modeCheats
Victory
Defeat
1051
+40
🇨🇳 Inca · China
1047
-16
人间王国
7:40 Feudal Age
12:46 Castle Age
10:51 Double-Bit Axe
11:02 Horse Collar
19:27 Bow Saw
19:38 Champi Runner
25:19 Imperial Age
23:19 Champi Warrior
24:00 Squires
23:58 Gold Mining
25:59 Forging
25:49 Scale Mail Armor
25:40 Fletching
26:56 Andean Sling
26:27 Elite Champi Warrior
27:29 Padded Archer Armor
29:30 Chain Mail Armor
29:11 Bodkin Arrow
29:21 Heavy Plow
31:44 Conscription
31:27 Fabric Shields
32:22 Thumb Ring
32:59 Plate Mail Armor
33:46 Gold Shaft Mining
33:59 Bracer
34:35 Iron Casting
玩印度的哥们硬不起来
7:07 Feudal Age
10:46 Castle Age
8:52 Double-Bit Axe
9:38 Horse Collar
11:12 Wheelbarrow
11:53 Bow Saw
12:25 Heavy Plow
17:31 Fervor
18:24 Loom
21:31 Hand Cart
22:25 Gold Mining
26:27 Imperial Age
24:52 Fletching
25:03 Padded Archer Armor
26:32 Bloodlines
26:22 Husbandry
26:21 Bodkin Arrow
26:41 Leather Archer Armor
27:25 Gold Shaft Mining
26:41 Stone Mining
27:16 Squires
27:01 Arson
27:30 Bracer
27:31 Scale Mail Armor
28:11 Ballistics
28:29 Ring Archer Armor
28:03 Heavy Cavalry Archer
30:00 Chemistry
29:58 Chain Mail Armor
31:55 Plate Mail Armor
31:40 Yasama
31:31 Elite Samurai
32:18 Guard Tower
33:00 Conscription
32:53 Treadmill Crane
34:02 Forging
34:59 Two-Man Saw
35:15 Kataparuto
36:59 Keep
37:11 Iron Casting
Connection lost

Rejoining the realm…

Still unreachable

The connection could not be restored.

Session expired

The server has moved on; the page needs a fresh start.